 Dungeon Crawl Stone Soup version 0.28-a0-474-g535839065c (webtiles) character file.

Game seed: 2266647264702260878

32 Rennog the Insei (level 3, -5/23 HPs)
             Began as an Octopode Transmuter on Sept 16, 2021.
             Killed by a puff of frost (12 damage)
             ... invoked by the wrath of Vehumet
             ... on level 1 of the Dungeon.
             The game lasted 00:02:17 (1359 turns).

Rennog the Insei (Octopode Transmuter)              Turns: 1359, Time: 00:02:18

Health: -5/23      AC:  1    Str:  9    XL:     3   Next: 25%
Magic:  6/6        EV: 13    Int: 16    God:
Gold:   74         SH:  0    Dex: 12    Spells: 4/7 levels left

rFire   . . .      SeeInvis .     - Unarmed
rCold   . . .      Faith    .   (no shield)
rNeg    . . .      Spirit   .   (helmet restricted)
rPois   .          Reflect  .   (no amulet)
rElec   .          Harm     .   (no ring)
rCorr   .          Rampage  .   (no ring)
Will    .....                   (no ring)
Stlth   ++........              (no ring)
HPRegen 0.07/turn               (no ring)
MPRegen 0.10/turn               (no ring)
                                (no ring)
                                (no ring)

@: no status effects
A: almost no armour, amphibious, 8 rings, camouflage 1, gelatinous body 1,
(nimble swimmer 1), tentacles
a: no special abilities


You were on level 1 of the Dungeon.
You visited 1 branch of the dungeon, and saw 2 of its levels.

You collected 74 gold pieces.

Inventory:

Scrolls
 c - 2 scrolls of identify {unknown}
Potions
 a - 2 potions of brilliance {unknown}
 b - a potion of curing {unknown}


   Skills:
 + Level 1.4 Fighting
 + Level 2.2 Dodging
 + Level 3.2 Unarmed Combat
 * Level 2.5 Spellcasting
 + Level 2.3 Transmutations


You had 4 spell levels left.
You knew the following spells:

 Your Spells              Type           Power      Damage    Failure   Level
a - Beastly Appendage     Tmut           18%        N/A       8%          1
b - Wereblood             Tmut           9%         N/A       12%         2

Your spell library contained the following spells:

 Spells                   Type           Power      Damage    Failure   Level
 Spider Form              Tmut/Pois      2%         N/A       36%         3
 Ice Form                 Ice/Tmut       5%         N/A       77%         4


Dungeon Overview and Level Annotations

Branches:
Dungeon (2/15)

Altars:
Vehumet


Innate Abilities, Weirdness & Mutations

You cannot wear most types of armour.
You are amphibious.
You can wear up to eight rings at the same time.
Your skin changes colour to match your surroundings (Stealth+).
Your rubbery body absorbs attacks. (AC +1, EV +1)
((You are camouflaged near water. (Stealth+)))
You have tentacles for arms and can constrict up to eight enemies at once.


Message History

The adder poisons you!
You tentacle-slap the adder. Your grab misses the adder.
The adder is severely wounded.
You feel sick. The bat closely misses you. The adder barely misses you.
You tentacle-slap the adder.
You kill the adder!
You feel sick. The bat hits you but does no damage.
You have reached level 3!
Your experience leads to an increase in your attributes!
Increase (S)trength, (I)ntelligence, or (D)exterity?
You feel clever.
An adder comes into view.
You feel sick.
The adder hisses angrily.
The bat hits you.
You see here an adder corpse.
You feel sick. The bat hits you.
You feel sick. The bat misses you.
You feel sick. The bat closely misses you.
You feel sick.
You are no longer poisoned.
The bat closely misses you. x2
The bat hits you but does no damage. The bat hits you but does no damage.
Your transformation is almost over.
The bat hits you.
* * * LOW HITPOINT WARNING * * *
There is a stone staircase leading up here.
The bat barely misses you.
You climb upwards.
There is a stone staircase leading down here.
You start resting.
Magic restored.
You start resting.
Your tentacle spike disappears.
You start resting.
Vehumet rains destruction down upon you!
The puff of frost hits you!
Ouch! That really hurt!
You die...

#.......#.#....#.#
#.......###.####.#
#.......#..†#....#
#....>..#.#.#.####
#.####..#.#.#.#
#.###...#...#.#
#.....#..####.#
#....[.[.####.#
#.######.@....#
♣♣♣♣ #.# ########
.≈≈♣♣ #.# ^≈≈8♣
#.# .≈≈♣♣###.#
♣♣♣♣ #...#
.≈≈♣♣#.###
^≈≈8♣#.# .≈P♣♣#.#


You could see the wrath of Vehumet (unaware).

Vanquished Creatures
  An adder (D:2)
  2 ball pythons (D:1)
  4 endoplasms
  A giant cockroach (D:1)
  A goblin (D:1)
  2 hobgoblins (D:1)
  4 kobolds (D:1)
  A quokka (D:1)
  A bat (D:1)
  3 frilled lizards (D:1)
  3 rats (D:1)
23 creatures vanquished.

Notes
Turn   | Place    | Note
-------+----------+-------------------------------------------
     0 | D:1      | Rennog the Octopode Transmuter began the quest for the Orb.
     0 | D:1      | Reached XP level 1. HP: 13/13 MP: 3/3
   375 | D:1      | Reached XP level 2. HP: 18/18 MP: 3/5
   668 | D:1      | Found a faded altar of an unknown god.
   677 | D:1      | Became a worshipper of Vehumet
   677 | D:1      | Reached * piety under Vehumet
   677 | D:1      | Offered knowledge of Shock by Vehumet.
   679 | D:1      | Fell from the grace of Vehumet
  1238 | D:2      | Learned a level 2 spell: Wereblood
  1329 | D:2      | Reached XP level 3. HP: 13/23 MP: 4/6
  1359 | D:1      | Killed by a puff of frost

Illustrated notes

Levels and vault maps discovered:
D:1:      psy_arrival_wood_between_worlds, layout_basic,
          hellmonk_ecumenical_altar_heavens_door
D:2:      layout_basic

Action                   || total
-------------------------++-------
Melee: Unarmed           ||    60
       Constrict         ||    13
       Kick              ||    10
       Tentacles         ||     6
 Cast: Beastly Appendage ||    16
Invok: Renounce Religion ||     1
 Stab: Sleeping          ||     2
Armor: Skin              ||     8
Dodge: Dodged            ||    42

Table legend: (Time is in decaauts)
 A = Elapsed time spent in this place.
 B = Non-inter-level travel time spent in this place.
 C = Inter-level travel time spent in this place.
 D = Time resting spent in this place.
 E = Time spent auto-exploring this place.
 F = Levels seen in this place.
 G = Mean time per level.
                   A        B        C        D        E       F      G
               +--------+--------+--------+--------+--------+-----+--------+
         Total |   1354 |   1339 |     15 |     17 |   1153 |   2 |  677.0 |
       Dungeon |   1354 |   1339 |     15 |     17 |   1153 |   2 |  677.0 |
               +--------+--------+--------+--------+--------+-----+--------+

Top non-repeatable levels by time:
     D:1: 1220 daAuts
     D:2: 134 daAuts
